 Dungeon Crawl Stone Soup version 0.25-a0-589-g1e14c549ee (webtiles) character file.

Game seed: 9870426981231554638, levelgen mode: deterministic

490 kae the Cudgeler (level 6, -14/48 HPs)
             Began as a Demonspawn Gladiator on Mar 12, 2020.
             Was a Follower of Okawaru.
             Demolished by an orc warrior
             ... wielding a +0 long sword
              (18 damage)
             ... on level 6 of the Dungeon.
             The game lasted 00:04:02 (3803 turns).

kae the Cudgeler (Demonspawn Gladiator)             Turns: 3803, Time: 00:04:02

Health: -14/48     AC:  6    Str: 16    XL:     6   Next: 90%
Magic:  0/7        EV: 12    Int: 10    God:    Okawaru [*.....]
Gold:   142        SH:  5    Dex: 14    Spells: 5/5 levels left

rFire    . . .     SeeInvis .   a - +1 flail
rCold    . . .     Gourm    .   C - +1 buckler
rNeg     . . .     Faith    .   b - +0 leather armour
rPois    .         Spirit   +   c - +0 helmet
rElec    .         Reflect  .   u - +1 cloak
rCorr    .         Harm     .   (no gloves)
MR       .....                  (no boots)
Stlth    +.........             (no amulet)
HPRegen  0.16/turn              o - ring of wizardry
MPRegen  0.10/turn              (no ring)

@: no status effects
A: talons 1, demonic guardian 1, magic shield
a: Heroism, Renounce Religion


You were on level 6 of the Dungeon.
You worshipped Okawaru.
Okawaru was aware of your devotion.
You were not hungry.

You visited 2 branches of the dungeon, and saw 7 of its levels.

You collected 142 gold pieces.

Inventory:

Hand Weapons
 a - a +1 flail (weapon)
Missiles
 d - 3 throwing nets (quivered)
Armour
 b - a +0 leather armour (worn)
 c - a +0 helmet (worn)
 u - a +1 cloak (worn)
 C - a +1 buckler (worn)
Jewellery
 e - an uncursed ring of wizardry
 o - a ring of wizardry (left hand)
Wands
 i - a wand of random effects (12)
 q - a wand of acid (6)
Scrolls
 g - a scroll of immolation
 j - 2 scrolls of remove curse
 m - a scroll of teleportation
 v - 2 scrolls of fear
 z - a scroll of blinking
Potions
 h - a potion of mutation
 k - a potion of haste
 l - 3 potions of brilliance {unknown}
 n - a potion of heal wounds
 r - a potion of flight
 t - 3 potions of curing {unknown}
 w - a potion of might {unknown}
 x - 2 potions of stabbing {unknown}
 B - a potion of lignification
Comestibles
 f - 10 rations
 p - a chunk of flesh


   Skills:
 + Level 4.3 Fighting
 * Level 5.8 Maces & Flails
 - Level 1.7 Throwing
 - Level 2.6 Dodging
 + Level 0.7 Shields
 + Level 2.4 Invocations


You had 5 spell levels left.
You didn't know any spells.
Your spell library contained the following spells:

 Spells                   Type           Power        Failure   Level  Hunger
 Magic Dart               Conj           #...         26%         1    ##.....
 Blink                    Tloc           N/A          38%         2    ###....
 Call Imp                 Summ           #.......     38%         2    ###....
 Slow                     Hex            #.......     38%         2    ###....
 Conjure Flame            Conj/Fire      #.......     61%         3    ####...
 Mephitic Cloud           Conj/Pois/Air  #.......     61%         3    ####...


Dungeon Overview and Level Annotations

Branches:
Dungeon (6/15)             Temple (1/1) D:4

Altars:
Cheibriados
Dithmenos
Fedhas
Gozag
Kikubaaqudgha
Makhleb
Nemelex Xobeh
Okawaru
Qazlal
Ru
Sif Muna
Trog
Uskayaw
Wu Jian
Xom
Yredelemnul
Zin
The Shining One

Annotations:
D:5 3 runed translucent doors, LastManStanding's ghost, novice DENe; Yorgos's ghost, amateur GnAK; erdraug's ghost, amateur TeAE; olaf's ghost, novice GnFi; t4s4d4r's ghost, novice DrTm


Innate Abilities, Weirdness & Mutations

You have sharp toenails.
A weak demonic guardian rushes to your aid.
When hurt, damage is shared between your health and your magic reserves.


Message History

The orc warrior is almost dead.
You block the orc's attack. x2; The orc hits you but does no damage.
The orc warrior barely misses you.
Your shadow imp misses the orc.
The orc closely misses you.
You completely miss the orc warrior.
You claw the orc warrior, but do no damage.
The orc warrior is almost dead.
The orc closely misses you. The orc hits you but does no damage.
The orc warrior hits you with a +0 long sword!
* * * LOW HITPOINT WARNING * * *
Your shadow imp misses the orc.
The orc closely misses you.
You closely miss the orc warrior. Your kick misses the orc warrior.
The orc warrior is almost dead.
The orc hits you with a +0 flail.
* * * LOW HITPOINT WARNING * * *
The orc barely misses you.
Your shadow imp gestures at the orc.
The orc writhes in agony.
The orc warrior hits you with a +0 long sword!!
You die...

..#.##. ..... .. ..... .
.... .# # #..# .#
#.#oo#..# #.#oo#?.# #.
#..o@o..# ..#.#.#.5##.#
.......#.##.#.# ###
.#...........##### ..#
#....#.##.###...# #.#
#.#.##.##.###...####.#
#.#.##.##.#<......##<##
#.#...............)..รท.
..(................#####


You could see an orc warrior, 5 orcs and a friendly shadow imp.

Vanquished Creatures
  A phantom (D:4)
  An ogre (D:6)
  A jelly (D:5)
  A hound (D:6)
  4 worker ants
  3 adders
  An ooze (D:3)
  An adder skeleton (D:4)
  A worm (D:4)
  A dart slug (D:1)
  2 leopard geckos (D:2)
  10 orcs
  5 bats
  4 giant cockroaches
  7 goblins
  7 hobgoblins
  6 jackals
  8 kobolds
  A quokka (D:4)
  11 frilled lizards
  A quokka skeleton (D:5)
  3 rats
80 creatures vanquished.

Vanquished Creatures (collateral kills)
  A howler monkey (D:4)
  A crimson imp (D:5)
  A jelly (D:3)
3 creatures vanquished.

Grand Total: 83 creatures vanquished

Notes
Turn   | Place    | Note
-------+----------+-------------------------------------------
     0 | D:1      | kae the Demonspawn Gladiator began the quest for the Orb.
     0 | D:1      | Reached XP level 1. HP: 16/16 MP: 1/1
   273 | D:1      | Reached skill level 3 in Maces & Flails
   311 | D:1      | Gained mutation: A weak demonic guardian rushes to your
                  | aid. [demonic ancestry]
   311 | D:1      | Reached XP level 2. HP: 17/22 MP: 2/2
   973 | D:2      | Found a glowing silver altar of Zin.
  1172 | D:2      | Reached XP level 3. HP: 28/28 MP: 3/3
  2000 | D:3      | Found a shadowy altar of Dithmenos.
  2095 | D:3      | Found a glowing golden altar of the Shining One.
  2202 | D:3      | Reached skill level 4 in Maces & Flails
  2202 | D:3      | Gained mutation: When hurt, damage is shared between your
                  | health and your magic reserves. [demonic ancestry]
  2202 | D:3      | Reached XP level 4. HP: 32/35 MP: 4/4
  2307 | D:4      | Noticed a phantom
  2350 | D:4      | Killed a phantom
  2350 | D:4      | Gained mutation: You have sharp toenails. [demonic
                  | ancestry]
  2350 | D:4      | Reached XP level 5. HP: 17/41 MP: 3/5
  2784 | D:4      | Reached skill level 5 in Maces & Flails
  2896 | D:4      | Found a staircase to the Ecumenical Temple.
  2981 | Temple   | Entered the Ecumenical Temple
  3194 | Temple   | Became a worshipper of Warmaster Okawaru
  3274 | D:5      | Entered Level 5 of the Dungeon
  3351 | D:5      | Reached skill level 1 in Invocations
  3351 | D:5      | Reached XP level 6. HP: 39/48 MP: 6/6
  3468 | D:5      | Reached * piety under Okawaru
  3503 | D:5      | Noticed Yorgos's ghost (amateur GnAK)
  3504 | D:5      | Found a runed translucent gate.
  3504 | D:5      | Noticed t4s4d4r's ghost (novice DrTm)
  3504 | D:5      | Noticed LastManStanding's ghost (novice DENe)
  3505 | D:5      | Found a runed translucent gate.
  3505 | D:5      | Found a runed translucent gate.
  3505 | D:5      | Noticed erdraug's ghost (amateur TeAE)
  3505 | D:5      | Noticed olaf's ghost (novice GnFi)
  3563 | D:5      | Found an opulent altar of Gozag.
  3790 | D:6      | Noticed an orc warrior
  3803 | D:6      | Demolished by an orc warrior

Levels and vault maps discovered:
D:1:      dpeg_arrival_renting, layout_loops_ring,
          chequers_serial_rivers_small_b
D:2:      layout_loops_corners, marbit_many_paths, minmay_lizard_king
D:3:      layout_rooms, grunt_dithmenos_smoke_and_mirrors, tso_oasis_becter
D:4:      layout_rooms, temple_doors_ab, first_ration, lemuel_old_faithful
D:5:      layout_rooms, gammafunk_ghost_cemetery, grunt_gozag_breadcrumbs
D:6:      layout_loops_ring, uniq_edmund
Temple:   regret_index_temple_generic_petals

Skill      XL: |  1  2  3  4  5  6 |
---------------+-------------------+-----
Maces & Flails | 3 4 5 |  5.8
Fighting       | 3 4 |  4.3
Invocations    | 1 2 |  2.4
Throwing       | |  1.7
Dodging        | |  2.6
Shields        | |  0.7

Action                   |  1- 3 |  4- 6 || total
-------------------------+-------+-------++-------
Melee: Flail             |   148 |   112 ||   260
       Kick              |       |    24 ||    24
Evoke: Wand              |       |     2 ||     2
  Use: Potion            |     1 |       ||     1
       Scroll            |       |    14 ||    14
  Eat: Chunk             |     4 |     5 ||     9
Armor: Leather armour    |    63 |    35 ||    98
       Skin              |    25 |       ||    25
Dodge: Dodged            |   109 |    67 ||   176
Block: Buckler           |       |     5 ||     5

Table legend:
 A = Non-vault XP
 B = Vault XP
 C = Vault XP percentage of total XP
 D = Non-vault monster count
 E = Vault monster count
 F = Vault count percentage of total count
                 A         B        C        D         E       F
            +---------+---------+-------+---------+---------+-------
      Total |     689 |      11 |   1.6 |      75 |       8 |   9.6
            +---------+---------+-------+---------+---------+-------
        D:1 |      28 |       0 |   0.0 |      16 |       0 |   0.0
        D:2 |      14 |      11 |  44.0 |       9 |       8 |  47.1
        D:3 |      75 |       0 |   0.0 |      21 |       0 |   0.0
        D:4 |     190 |       0 |   0.0 |      11 |       0 |   0.0
        D:5 |     210 |       0 |   0.0 |      15 |       0 |   0.0
        D:6 |     172 |       0 |   0.0 |       3 |       0 |   0.0
            +---------+---------+-------+---------+---------+-------
